 Dungeon Crawl Stone Soup version 0.31.0-32-g396128a36d (webtiles) character file.

Game seed: 700949316866178471

50367 AdnanSaban the Basher (level 14, -3/91 HPs)
             Began as a Gargoyle Fighter on Apr 15, 2024.
             Was the Champion of Okawaru.
             Killed by divine providence
             ... invoked by a smoke demon
              (14 damage)
             ... on level 5 of the Lair of Beasts.
             The game lasted 00:45:56 (15662 turns).

AdnanSaban the Basher (Gargoyle Fighter)           Turns: 15662, Time: 00:45:56

Health: -3/91      AC: 43    Str: 25    XL:     14   Next: 54%
Magic:  19/19      EV:  5    Int: 12    God:    Okawaru [******]
Gold:   1793       SH: 11    Dex:  9    Spells: 13/13 levels left

rFire   . . .        H - +6 shillelagh "Devastator" {shatter}
rCold   . . .        X - +0 kite shield
rNeg    + . .        E - +8 orange crystal plate armour {Archmagi, Int+3 Clar}
rPois   ∞            b - +0 helmet
rElec   +            M - +0 cloak
rCorr   +            (no gloves)
SInv    +            (no boots)
Will    +....        n - amulet of regeneration Stlth
                     t - ring of resist corrosion
HPRegen 1.15/turn    C - ring of see invisible
MPRegen 0.16/turn

%: clarity, archmagi
@: flying
A: sickness immunity, AC +10, big wings, negative energy resistance 1,
electricity resistance, torment resistance 1, petrification resistance
a: Renounce Religion, Heroism, Finesse, Duel, Receive Weapon


You were on level 5 of the Lair of Beasts.
You worshipped Okawaru.
Okawaru was exalted by your worship.
You visited 3 branches of the dungeon, and saw 19 of its levels.
You also visited: Sewer.

You collected 1793 gold pieces.

Inventory:

Hand Weapons
 H - the +6 shillelagh "Devastator" (weapon) {shatter}
   (You found it on level 5 of the Dungeon)
Missiles
 a - 5 darts of dispersal
 c - 8 atropa-tipped darts
 g - 24 boomerangs
 s - 30 poisoned darts (quivered)
 v - 4 silver javelins
 y - 4 datura-tipped darts
 Q - 2 throwing nets
 Z - 5 javelins
Armour
 b - a +0 helmet (worn)
 E - the +8 orange crystal plate armour (worn) {Archmagi, Int+3 Clar}
   (Okawaru gifted it to you on level 2 of the Lair of Beasts)

   Int+3:     It affects your intelligence (+3).
   Clar:      It protects you from confusion, rage, mesmerisation and fear.
 M - a +0 cloak (worn)
 X - a +0 kite shield (worn)
Jewellery
 e - a +6 ring of strength
 n - an amulet of regeneration (around neck)
 t - a ring of resist corrosion (left hand)
 C - a ring of see invisible (right hand)
 I - a +4 ring of protection
 O - an amulet of reflection
Wands
 r - a wand of flame (36)
 u - a wand of roots (9)
 z - a wand of paralysis (16)
 S - a wand of digging (6)
 W - a wand of acid (4)
Scrolls
 f - a scroll of summoning {unknown}
 j - 14 scrolls of identify
 k - 5 scrolls of blinking {unknown}
 o - 8 scrolls of teleportation
 p - 2 scrolls of silence {unknown}
 A - 6 scrolls of noise {unknown}
 B - 8 scrolls of fear
 F - 5 scrolls of enchant armour {unknown}
 J - 2 scrolls of acquirement {unknown}
 L - 4 scrolls of enchant weapon {unknown}
 N - 6 scrolls of immolation {unknown}
 P - a scroll of poison {unknown}
 T - 2 scrolls of fog {unknown}
 U - 2 scrolls of revelation {unknown}
 V - a scroll of torment {unknown}
 Y - a scroll of brand weapon {unknown}
Potions
 d - 3 potions of might
 h - 4 potions of enlightenment
 i - 5 potions of berserk rage {unknown}
 l - 4 potions of mutation {unknown}
 m - 10 potions of curing {unknown}
 q - 4 potions of magic {unknown}
 w - 7 potions of heal wounds {unknown}
 x - 3 potions of invisibility {unknown}
 D - 2 potions of degeneration {unknown}
 G - 3 potions of resistance {unknown}
 K - a potion of cancellation
 R - 3 potions of lignification {unknown}


   Skills:
 + Level 11.8 Fighting
 + Level 14.5 Maces & Flails
 + Level 4.2 Throwing
 + Level 12.9 Armour
 + Level 2.1 Dodging
 - Level 1.4 Stealth
 + Level 12.4 Shields
 + Level 7.3 Invocations


You had 13 spell levels left.
You didn't know any spells.
Your spell library contained the following spells:

 Spells                   Type           Power      Damage    Failure   Level
 Foxfire                  Conj/Fire      0%         2x1d4     100%        1
 Kiss of Death            Conj/Necr      0%         2d5       100%        1
 Shock                    Conj/Air       0%         1d3       100%        1
 Sting                    Conj/Alch      0%         1d3       100%        1
 Ensorcelled Hibernation  Hex/Ice        0%         N/A       100%        2
 Mercury Vapours          Alch/Air       0%         N/A       100%        2
 Confusing Touch          Hex            0%         N/A       100%        3
 Fugue of the Fallen      Necr           0%         N/A       100%        3
 Ozocubu's Armour         Ice            0%         N/A       100%        3
 Sigil of Binding         Hex            0%         N/A       100%        3
 Swiftness                Air            0%         N/A       100%        3
 Airstrike                Air            0%         2d(0-16)  100%        4
 Anguish                  Hex/Necr       0%         N/A       100%        4
 Dimensional Bullseye     Hex/Tloc       0%         N/A       100%        4
 Dispel Undead            Necr           0%         3d6       100%        4
 Iskenderun's Mystic Bla  Conj/Tloc      0%         2d3       100%        4
 Olgreb's Toxic Radiance  Alch           0%         N/A       100%        4
 Passage of Golubria      Tloc           0%         N/A       100%        4
 Metabolic Englaciation   Hex/Ice        0%         N/A       100%        5
 Yara's Violent Unravell  Hex/Alch       0%         3d3       100%        5
 Plasma Beam              Fire/Air       0%         2x1d10    100%        6
 Starburst                Conj/Fire      0%         6d3       100%        6
 Call Canine Familiar     Summ           Unusable   N/A       N/A         3
 Tukima's Dance           Hex            Unusable   N/A       N/A         3
 Sculpt Simulacrum        Ice/Alch       Unusable   N/A       N/A         6

Dungeon Overview and Level Annotations

Branches:
Dungeon (13/15)            Temple (1/1) D:6            Lair (5/5) D:11
  Swamp (0/4) Lair:3        Snake (0/4) Lair:2        Slime (0/5) Lair:5
    Orc (0/2) D:10          Sewer (visited)
 Vaults: D:13-14

Altars:
Ashenzari
Cheibriados
Dithmenos
Elyvilon
Fedhas
Gozag
Hepliaklqana
Kikubaaqudgha
Makhleb
Nemelex Xobeh
Okawaru
Qazlal
Ru
Sif Muna
Trog
Uskayaw
Vehumet
Wu Jian
Xom
Yredelemnul
Zin
The Shining One
Jiyva

Shops:
D:4 !   D:6 (   D:7 *   D:8 *   D:11 !

Annotations:
D:12 1 runed translucent door
Lair:1 2 transporters, NikiYani's ghost, journeyman VSFi


Innate Abilities, Weirdness & Mutations

You are immune to sickness and miasma.
Your stone body is resilient. (AC +10)
You are immune to poison.
Your large and strong wings let you fly.
You resist negative energy. (rN+)
You are resistant to electric shocks. (rElec)
You are resistant to unholy torment.
You are immune to petrification.


Message History

You hit the cane toad but do no damage.
The cane toad is moderately wounded.
You block the cane toad's attack.
The blink frog blinks!
You barely miss the cane toad.
The cane toad is moderately wounded.
The smoke demon gestures at you. Something smites you!
The blink frog blinks!
The smoke demon gestures at you. Something smites you!
* * * LOW HITPOINT WARNING * * *
The blink frog blinks!
A small abomination comes into view.
You block the cane toad's attack.
As you read the scroll of fear, it crumbles to dust.
You assume a fearsome visage.
The blink frog looks frightened!
The small abomination is unaffected. x2; The blink frog looks frightened! x2
The smoke demon looks frightened! x2; The red ugly thing looks frightened!
The blink frog looks frightened!
The cane toad resists with some effort.
The cane toad looks frightened!
The blink frog blinks! x4
You block the cane toad's attack.
The blink frog blinks! x7
The blink frog blinks!
Cornered, the smoke demon turns to fight!
The blink frog blinks!
The blink frog blinks! x2
The smoke demon gestures at you. Something smites you!
* * * LOW HITPOINT WARNING * * *
You sock the cane toad!
The cane toad and the fungus shudder.
The cane toad is almost dead.
The fungus begins to die.
The fungus is lightly damaged.
The cane toad is almost dead.
The blink frog blinks!
The cane toad stings you but does no damage.
The blink frog blinks! x2
The smoke demon gestures at you. Something smites you!
You die...

..
##.....###.....###.....#
.♣
##.#.###.#.+##.###.#.##
♣.♣
#...#.###....##..#....#
..
###P##.##.......#.....#
♣♣.♣
#####.#8.8.8.......##
.3.♣ #.......#.÷÷...##
...♣ ##.##.8.##.#.....#
.F.♣ ##..##.#.#.#.....##
♣3F♣
###F@.......#......#
♣†.♣
#P....###..#........#
...♣ ##....##
###.........# u.♣♣
♣##§..### ###.#.#####
♣.♣ ♣♣♣.F..## ##.##
♣♣♣♣♣♣♣♣xu...§# ##
♣.♣.F.F3♣.## ♣....x♣♣♣##
♣♣†...♣♣


You could see a red ugly thing, a cane toad, a smoke demon and 2 blink frogs.

Vanquished Creatures
  A fire dragon (Lair:4)
  A catoblepas (Lair:1)
  2 hydras
  5 boulder beetles
  A centaur warrior (D:12)
  An anaconda (Lair:3)
  3 two-headed ogres
  Lodul (D:13)
  5 skeletal warriors (D:12)
  An oklob plant (Lair:3)
  2 cyclopes (D:11)
  An ugly thing (D:13)
  4 manticores
  19 elephants
  A gargoyle (D:10)
  3 black mambas
  A cane toad (shapeshifter) (Lair:5)
  A torpor snail (Lair:2)
  5 cane toads
  3 unseen horrors
  4 komodo dragons
  3 rime drakes
  An efreet (D:12)
  A polar bear (Lair:2)
  3 trolls
  18 blink frogs
  A hornet (D:10)
  3 slime creatures (D:12)
  4 dream sheep (Lair:3)
  Sigmund (D:5)
  3 wraiths
  A shadow (D:11)
  33 yaks
  4 wyverns
  2 vampires (D:11)
  A steam dragon (Lair:1)
  6 basilisks
  Edmund (D:6)
  3 vampire mosquitoes (Lair:3)
  4 nagas (Lair:2)
  An acid dragon (D:9)
  17 water moccasins
  An ice beast (D:7)
  Pargi (Sewer)
  2 orc warriors
  3 sky beasts
  12 ogres
  A black bear (D:5)
  7 centaurs
  8 wolves
  A brain worm (Sewer)
  2 kobold brigands
  5 necrophages (Lair:4)
  9 bullfrogs
  2 gnoll sergeants (D:8)
  A scorpion (D:4)
  4 small abominations (Lair:5)
  5 wights (D:6)
  12 killer bees
  6 howler monkeys
  An electric eel (Lair:2)
  A bombardier beetle (D:5)
  9 jellies
  11 orc priests
  3 sleepcaps
  Natasha (thrice) (D:2)
  17 orc wizards
  12 hell rats (Lair:4)
  13 gnolls
  13 adders
  2 shadow imps
  A white imp (D:5)
  2 ufetubi (D:4)
  3 dart slugs
  3 ribbon worms
  45 orcs
  12 ball pythons
  8 bats
  6 endoplasms
  6 giant cockroaches
  7 goblins
  5 hobgoblins
  2 quokkas
  9 frilled lizards
  19 kobolds
  4 rats
475 creatures vanquished.

Vanquished Creatures (others)
  An orc wizard (D:12)
1 creature vanquished.

Grand Total: 476 creatures vanquished

Notes
Turn   | Place    | Note
-------+----------+-------------------------------------------
     0 | D:1      | AdnanSaban the Gargoyle Fighter began the quest for the
                  | Orb.
     0 | D:1      | Reached XP level 1. HP: 14/14 MP: 1/1
   133 | D:1      | Reached XP level 2. HP: 19/19 MP: 2/2
   559 | D:2      | Reached XP level 3. HP: 12/24 MP: 3/3
   681 | D:2      | Found a sacrificial altar of Ru.
   740 | D:2      | Reached XP level 4. HP: 29/29 MP: 4/4
  1152 | D:2      | Noticed Natasha
  1169 | D:2      | Killed Natasha
  1170 | D:2      | Reached skill level 3 in Maces & Flails
  1170 | D:2      | Reached XP level 5. HP: 29/33 MP: 5/5
  1209 | D:2      | Found a faded altar of an unknown god.
  1429 | D:2      | Noticed Natasha
  1447 | D:2      | Killed Natasha
  1519 | D:2      | Noticed Natasha
  1538 | D:2      | Killed Natasha
  1765 | D:3      | Reached skill level 4 in Maces & Flails
  1909 | D:3      | Reached XP level 6. HP: 39/39 MP: 6/6
  2396 | D:4      | Found Miunysm's Distillery.
  2481 | D:4      | Paralysed by an orc for 4 turns
  2678 | D:4      | Found a sparkling altar of Nemelex Xobeh.
  2980 | D:4      | Found a sacrificial altar of Ru.
  3482 | D:5      | Entered Level 5 of the Dungeon
  3482 | D:5      | Noticed Sigmund
  3494 | D:4      | Reached skill level 5 in Armour
  3530 | D:5      | Reached XP level 7. HP: 24/44 MP: 7/7
  3554 | D:5      | Found a hide-covered altar of Uskayaw.
  3569 | D:5      | Reached skill level 5 in Maces & Flails
  3633 | D:5      | Found an opulent altar of Gozag.
  3893 | D:5      | Killed Sigmund
  3894 | D:5      | Reached skill level 5 in Fighting
  3894 | D:5      | Reached skill level 5 in Shields
  4002 | D:5      | Reached XP level 8. HP: 40/49 MP: 8/8
  4005 | D:5      | Reached skill level 6 in Maces & Flails
  4024 | D:5      | Identified the +5 chain mail of Lifelessness {rPois Str+2}
  4384 | D:5      | Found the +6 shillelagh "Devastator" {shatter}
  4627 | D:6      | Found a staircase to the Ecumenical Temple.
  4649 | D:6      | Found Zedackid's Antique Weapon Boutique.
  4680 | Temple   | Entered the Ecumenical Temple
  4814 | Temple   | Became a worshipper of Warmaster Okawaru
  4888 | D:6      | Reached skill level 7 in Maces & Flails
  4965 | D:6      | Found a glowing drain.
  4978 | Sewer    | Entered a sewer
  5032 | Sewer    | Noticed Pargi
  5035 | Sewer    | Killed Pargi
  5035 | Sewer    | Reached * piety under Okawaru
  5036 | Sewer    | Reached XP level 9. HP: 54/54 MP: 9/9
  5069 | Sewer    | Reached skill level 8 in Maces & Flails
  5324 | D:6      | Reached skill level 1 in Stealth
  5364 | D:6      | Found a runed translucent door.
  5368 | D:6      | Noticed Edmund
  5789 | D:6      | Reached ** piety under Okawaru
  5799 | D:6      | Killed Edmund
  5800 | D:6      | Reached skill level 9 in Maces & Flails
  5815 | D:6      | Found a runed translucent door.
  5815 | D:6      | Found a runed translucent door.
  6016 | D:7      | Found Kerhenk's Neck Hole.
  6438 | D:7      | Found a radiant altar of Vehumet.
  6569 | D:8      | Reached skill level 1 in Invocations
  6619 | D:8      | Found Ficearut's Assorted Antiques.
  6666 | D:8      | Reached XP level 10. HP: 61/61 MP: 11/11
  6715 | D:8      | Reached *** piety under Okawaru
  7187 | D:9      | Found a viscous altar of Jiyva.
  7271 | D:9      | Reached skill level 10 in Maces & Flails
  7357 | D:9      | Reached skill level 1 in Dodging
  7714 | D:9      | Found a snail-covered altar of Cheibriados.
  7785 | D:10     | Entered Level 10 of the Dungeon
  7830 | D:10     | Found a staircase to the Orcish Mines.
  7981 | D:10     | Reached **** piety under Okawaru
  8126 | D:10     | Found a bloodstained altar of Trog.
  8286 | D:10     | Found a stormy altar of Qazlal.
  8286 | D:10     | Noticed a gargoyle
  8289 | D:10     | Killed a gargoyle
  8325 | D:10     | Reached skill level 11 in Maces & Flails
  8326 | D:10     | Reached XP level 11. HP: 68/68 MP: 13/13
  8743 | D:11     | Noticed a cyclops
  8749 | D:11     | Killed a cyclops
  8954 | D:11     | Found a staircase to the Lair.
  8954 | D:11     | Noticed a cyclops
  8961 | D:11     | Reached ***** piety under Okawaru
  8984 | D:11     | Killed a cyclops
  8985 | D:11     | Reached skill level 1 in Throwing
  9045 | D:11     | Noticed a manticore
  9053 | D:11     | Killed a manticore
  9152 | D:11     | Noticed a two-headed ogre
  9161 | D:11     | Killed a two-headed ogre
  9161 | D:11     | Received a gift from Okawaru
  9291 | D:11     | Found Egetequt's Distillery.
  9476 | D:11     | Noticed a manticore
  9487 | D:11     | Killed a manticore
  9488 | D:11     | Reached skill level 12 in Maces & Flails
  9488 | D:11     | Reached skill level 10 in Armour
  9705 | D:12     | Noticed a boulder beetle
  9705 | D:12     | Noticed a boulder beetle
  9741 | D:12     | Killed a boulder beetle
  9771 | D:12     | HP: 3/71 [boulder beetle (14)]
  9772 | D:12     | HP: 1/71 [boulder beetle (3)]
  9842 | D:12     | Killed a boulder beetle
  9896 | D:12     | Noticed a two-headed ogre
  9904 | D:12     | Killed a two-headed ogre
  9904 | D:12     | Received a gift from Okawaru
  9905 | D:12     | Reached XP level 12. HP: 76/76 MP: 11/14
  9927 | D:12     | Found a runed translucent door.
  9927 | D:12     | Noticed a deep troll earth mage
  9927 | D:12     | Noticed a tengu reaver
  9928 | D:12     | Noticed a fire giant
  9928 | D:12     | Found the amulet of the Four Winds {rN+ Will+++ Clar}
 10205 | D:12     | Noticed a two-headed ogre
 10211 | D:12     | Killed a two-headed ogre
 10810 | D:12     | Received a gift from Okawaru
 10811 | D:12     | Reached skill level 5 in Invocations
 11239 | D:13     | Noticed Lodul
 11260 | D:13     | Killed Lodul
 11261 | D:13     | Reached skill level 10 in Fighting
 11264 | D:13     | Noticed a centaur warrior
 11388 | D:13     | Noticed a four-headed hydra
 11394 | D:13     | Killed a four-headed hydra
 11445 | D:13     | Noticed a boulder beetle
 11529 | D:12     | Killed a centaur warrior
 11584 | D:13     | Received a gift from Okawaru
 11638 | D:13     | Noticed a boulder beetle
 11678 | D:12     | Killed a boulder beetle
 11679 | D:12     | Reached XP level 13. HP: 70/82 MP: 17/17
 11724 | D:13     | Reached skill level 10 in Shields
 12187 | Lair:1   | Entered Level 1 of the Lair of Beasts
 12212 | Lair:1   | Noticed NikiYani's ghost (journeyman VSFi)
 12237 | Lair:1   | Reached skill level 13 in Maces & Flails
 12425 | Lair:1   | Received a gift from Okawaru
 12629 | Lair:1   | Found a transporter.
 12632 | Lair:1   | Found a transporter.
 13126 | Lair:2   | Reached ****** piety under Okawaru
 13127 | Lair:2   | Received a gift from Okawaru
 13131 | Lair:2   | Acquired the +8 orange crystal plate armour {Archmagi,
                  | Int+3 Clar}
 13131 | Lair:2   | Received a gift from Okawaru
 13131 | Lair:2   | Found the +8 orange crystal plate armour {Archmagi, Int+3
                  | Clar}
 13191 | Lair:2   | Found a staircase to the Snake Pit.
 13852 | Lair:3   | Received a gift from Okawaru
 13964 | Lair:3   | Gained mutation: Your large and strong wings let you fly.
                  | [Gargoyle growth]
 13964 | Lair:3   | Reached XP level 14. HP: 90/90 MP: 19/19
 14090 | Lair:3   | Found a staircase to the Swamp.
 14289 | Lair:3   | Reached skill level 14 in Maces & Flails
 15146 | Lair:4   | You are sucked into a shaft and drop 1 floor!
 15146 | Lair:5   | Entered Level 5 of the Lair of Beasts
 15162 | Lair:5   | Found a staircase to the Slime Pits.
 15258 | Lair:5   | Received a gift from Okawaru
 15354 | Lair:5   | Identified the +1 spear of Xecafuy {flame, Will+ Str-5
                  | Int+3 Stlth+}
 15395 | Lair:5   | Found a viscous altar of Jiyva.
 15662 | Lair:5   | Killed from afar by a smoke demon

Illustrated notes

Levels and vault maps discovered:
D:1:      heliophobic_arrival_ceremonial_halls, layout_rooms,
          chequers_serial_rivers_small_b, st_stairs_3,
          chequers_serial_rivers_small_3, columned_hall_lemuel
D:2:      minmay_skewed_foursquare, layout_basic, basic_altar,
          shapermc_ecumenical_altar_ellora, minmay_pentomino_u4, uniq_natasha
D:3:      layout_basic, chequers_mini_garden
D:4:      layout_layer_cave, mainiacjoe_overflow_chevrons,
          mainiacjoe_overflow_24_doors, serial_shops, shop
D:5:      layout_gridville, eat_drink_and_be_merry_uskayaw,
          mainiacjoe_overflow_cross_hatched, nicolae_the_louvre, uniq_sigmund
D:6:      layout_loops_cross, minmay_temple_entry_enclosed_plants,
          portal_sewer_entry_f, serial_shops, shop,
          hangedman_abyss_or_decor_passed, lightli_church_of_beogh, uniq_edmund
D:7:      layout_rooms, lemuel_crystal_altar, nrook_mini_backslash,
          nicolae_sextant, nicolae_shop_sticking_my_neck_out
D:8:      layout_loops_ring, serial_shops, shop
D:9:      layout_roguey, kennysheep_slug_shrine,
          eino_small_chamber_without_monster, jiyva_altar_1
D:10:     layout_loops_corners, nicolae_overflow_hidden_temple,
          amcnicky_altar_gilded, orc_0_dummy, serial_park_tiny_pond,
          chequers_serial_rivers_micro_c
D:11:     layout_loops_corners, erik_lair_orcish_takeover, serial_shops, shop
D:12:     layout_layer_cave, kennysheep_treasure_room
D:13:     layout_cave_pools, serial_rivers, chequers_serial_rivers_micro_b,
          chequers_serial_rivers_room_b, chequers_serial_rivers_large_b,
          chequers_serial_rivers_micro_d, uniq_lodul
Temple:   minmay_temple_curvy_branch
Lair:1:   layout_chaotic_city, serial_rivers, chequers_serial_rivers_large_a,
          chequers_serial_rivers_micro_a, chequers_serial_rivers_micro_d,
          chequers_serial_rivers_marsh, chequers_serial_rivers_room_b,
          chequers_serial_rivers_small_b, gammafunk_ghost_hive
Lair:2:   layout_hall_layers, minmay_snake_entry_guardpost_small,
          serial_bayou_shore_a
Lair:3:   wander_river, layout_long_grid, minmay_swamp_entry_swarm,
          minmay_lair_oklob_items, hellmonk_talismancer
Lair:4:   dragon1_lemuel, layout_big_grid, roderic_carrion_pond,
          serial_bayou_shore_b, grunt_megastairs_3
Lair:5:   hellmonk_lair_end_abyssal_woods, layout_misc_corridors,
          nicolae_slime_entry_field_trip, chequers_serial_rivers_micro_b,
          grunt_megastairs_1, serial_bayou_shore_b, infiniplex_staircase_pool

Skill      XL: |  1  2  3  4  5  6  7  8  9 10 11 12 13 14 |
---------------+-------------------------------------------+-----
Fighting       | 4 5 6 8 9 10 11 | 11.8
Armour         | 4 5 6 7 8 10 11 12 | 12.9
Maces & Flails | 3 4 5 7 9 11 12 13 14 | 14.5
Shields        | 4 5 6 7 8 9 11 12 | 12.4
Stealth        | 1 |  1.4
Invocations    | 1 3 6 7 |  7.3
Dodging        | 1 2 |  2.1
Throwing       | 2 3 4 |  4.2

Action                     |  1- 3 |  4- 6 |  7- 9 | 10-12 | 13-15 || total
---------------------------+-------+-------+-------+-------+-------++-------
  Melee: Flail             |    57 |   301 |    50 |       |       ||   408
         Shillelagh        |       |       |   131 |   413 |   438 ||   982
  Throw: Dart              |       |     1 |     3 |    41 |     9 ||    54
 Invoke: Heroism           |       |       |       |     4 |       ||     4
         Receive Armour    |       |       |       |       |     1 ||     1
    Use: Scroll            |       |       |       |     1 |     5 ||     6
 Armour: Scale mail        |    11 |       |       |       |       ||    11
         Plate armour      |    52 |   332 |    62 |   333 |    78 ||   857
         Chain mail        |       |       |    83 |    34 |       ||   117
         Crystal plate arm |       |       |       |       |   217 ||   217
  Dodge: Dodged            |    19 |   114 |    56 |    87 |    72 ||   348
  Block: Buckler           |    13 |    77 |    42 |    17 |       ||   149
         Kite shield       |       |       |       |   152 |   175 ||   327
